[Event "fics rated crazyhouse match"]
[Site "fics, Oklahoma City, OK USA"]
[Date "2000.02.24"]
[White "pminear"]
[WhiteElo "2368"]
[Black "Tecumseh"]
[BlackElo "2285"]
[TimeControl "60+0"]
[Result "1-0"]

1. e4 e6 2. Nc3 Nc6 3. d4 Nf6 4. e5 Nd5 5. Nxd5 exd5 6. Nf3 
Be7 7. Bb5 d6 8. exd6 cxd6 9. Qe2 P@e4 10. Nd2 N@f4 11. Qf1 Bd7 
12. P@e3 Nxd4 13. exd4 Bxb5 14. Qxb5+ P@c6 15. Qf1 B@e2 16. Qg1 Bh4 17. B@g3 
Nxg2+ 18. Qxg2 P@f3 19. Qh3 Bg5 20. Nb3 Bxc1 21. Rxc1 B@a5+ 22. B@d2 Bxd2+ 
23. Nxd2 B@g5 24. B@e3 Bxe3 25. fxe3 B@g2 26. B@d7+ Kf8 27. N@g6+ fxg6 28. N@e6+ 
Ke7 29. Qh4+ N@f6 30. Nxd8 Kxd8 31. N@f7+ Kxd7 32. Nxh8 B@e6 33. Bxd6 N@b5 
34. Q@e7+ Kc8 35. R@d8# 
{Tecumseh checkmated} 1-0

[Event "fics rated crazyhouse match"]
[Site "fics, Oklahoma City, OK USA"]
[Date "2000.02.24"]
[White "Tecumseh"]
[WhiteElo "2279"]
[Black "pminear"]
[BlackElo "2374"]
[TimeControl "60+0"]
[Result "1-0"]

1. e4 e5 2. d3 Nc6 3. Nf3 Bc5 4. Nc3 Nf6 5. Be2 d5 6. O-O 
dxe4 7. Nxe4 Nxe4 8. dxe4 Bg4 9. Nxe5 Bxe2 10. P@d7+ Kf8 11. Nxc6 bxc6 
12. Qxe2 N@d4 13. Qg4 B@e6 14. Qxg7+ Kxg7 15. N@h5+ Kf8 16. P@g7+ Ke7 17. B@f6+ 
Kxd7 18. gxh8=Q N@h3+ 19. gxh3 Ne2+ 20. Kh1 P@g2+ 21. Kxg2 P@f3+ 22. Kxf3 Nd4+ 
23. Bxd4 Qxh8 24. N@f6+ Kc8 25. P@b7+ Kxb7 26. N@a5+ Ka6 27. P@b5+ cxb5 28. R@c6+ 
P@b6 29. Bxc5 Bxh3 30. B@b7+ Kxa5 31. b4+ Ka4 32. P@b3# 
{pminear checkmated} 1-0

[Event "fics rated crazyhouse match"]
[Site "fics, Oklahoma City, OK USA"]
[Date "2000.02.24"]
[White "pminear"]
[WhiteElo "2364"]
[Black "Tecumseh"]
[BlackElo "2289"]
[TimeControl "60+0"]
[Result "1-0"]

1. e4 Nc6 2. Nc3 Nf6 3. d4 d5 4. exd5 Nxd5 5. Nf3 Bg4 6. Be2 
e6 7. Nxd5 exd5 8. N@e5 P@e4 9. Nxg4 exf3 10. Bxf3 N@f4 11. Bxf4 Bb4+ 
12. c3 Qe7+ 13. N@e5 Nxd4 14. B@a4+ c6 15. cxb4 Nxf3+ 16. gxf3 N@g2+ 17. Kf1 
Nxf4 18. P@d7+ Kf8 19. P@g2 P@e2+ 20. Qxe2 Nxe2 21. P@h6 B@f6 22. B@g5 Nd4 
23. Bxf6 B@a6+ 24. B@e2 Bxe2+ 25. Kg1 Qxf6 26. Nxf6 Nxf3+ 27. Nxf3 Bxf3 28. Q@e8+ 
Rxe8 29. dxe8=Q# 
{Tecumseh checkmated} 1-0

[Event "fics rated crazyhouse match"]
[Site "fics, Oklahoma City, OK USA"]
[Date "2000.02.24"]
[White "Tecumseh"]
[WhiteElo "2283"]
[Black "pminear"]
[BlackElo "2370"]
[TimeControl "60+0"]
[Result "0-1"]

1. e4 e5 2. Nf3 Nc6 3. Bc4 Bc5 4. Nc3 Nf6 5. d3 d6 6. Bg5 
Bg4 7. Nd5 Rg8 8. h3 Bxf3 9. Qxf3 Nd4 10. Qd1 N@d7 11. B@e7 Qc8 
12. Bgxf6 Nxf6 13. Bxf6 gxf6 14. Nxf6+ Kf8 15. Nxh7+ Kg7 16. P@f6+ Kxh7 17. Qh5+ 
N@h6 18. N@g5+ Rxg5 19. Qxg5 N@f3+ 20. gxf3 Nxf3+ 21. Kd1 Nxg5 22. R@g7+ Kh8 
23. Rh7+ Kxh7 24. P@e2 Bxf2 25. Bxf7 Ngxf7 26. P@g6+ Kxg6 27. N@g8 Nxg8 28. N@e7+ 
Nxe7 29. Rg1+ Bxg1 30. Kd2 B@e3+ 31. Kc3 Q@d4+ 32. Kb3 R@b4+ 33. Ka3 N@b5# 
{Tecumseh checkmated} 0-1

[Event "fics rated crazyhouse match"]
[Site "fics, Oklahoma City, OK USA"]
[Date "2000.02.24"]
[White "pminear"]
[WhiteElo "2376"]
[Black "Tecumseh"]
[BlackElo "2277"]
[TimeControl "60+0"]
[Result "1-0"]

1. e4 f5 2. exf5 d5 3. P@e6 Qd6 4. d4 Bxe6 5. fxe6 Qxe6+ 6. Qe2 
Qxe2+ 7. Bxe2 P@f7 8. Nf3 Nf6 9. Ne5 Ne4 10. Q@c8+ Q@d8 11. Qxd8+ Kxd8 
12. Nxf7+ Ke8 13. Ne5 P@f7 14. P@e6 fxe6 15. B@f7# 
{Tecumseh resigns} 1-0

[Event "fics rated crazyhouse match"]
[Site "fics, Oklahoma City, OK USA"]
[Date "2000.02.24"]
[White "Tecumseh"]
[WhiteElo "2271"]
[Black "pminear"]
[BlackElo "2382"]
[TimeControl "60+0"]
[Result "0-1"]

1. f4 d6 2. e4 e5 3. f5 Nf6 4. d3 d5 5. Nc3 dxe4 6. Bg5 
exd3 7. Bxd3 Bc5 8. Nf3 P@f2+ 9. Ke2 P@g4 10. Nxe5 Qd4 11. Nxf7 Kxf7 
12. P@e6+ Kf8 13. P@e3 Qe5 14. P@d4 Bxd4 15. Bb5 P@f3+ 16. gxf3 gxf3+ 17. Kxf3 
Qxf5+ 18. P@f4 N@e5+ 19. Kxf2 Nfg4+ 20. Ke2 P@f3+ 21. Kd2 Bxe3+ 22. Ke1 P@f2+ 
23. Kf1 P@g2# 
{Tecumseh checkmated} 0-1

[Event "fics rated crazyhouse match"]
[Site "fics, Oklahoma City, OK USA"]
[Date "2000.02.24"]
[White "pminear"]
[WhiteElo "2388"]
[Black "Tecumseh"]
[BlackElo "2265"]
[TimeControl "60+0"]
[Result "0-1"]

1. e4 d5 2. exd5 Nf6 3. Nc3 e6 4. dxe6 Bxe6 5. d4 Bb4 6. Nf3 
Ne4 7. Bd2 Nxd2 8. Qxd2 P@e4 9. Ne5 B@h6 10. P@e3 Nc6 11. Bb5 O-O 
12. Bxc6 bxc6 13. Nxc6 Qd6 14. Nxb4 Qxb4 15. B@c5 Qxc5 16. dxc5 Rad8 17. P@d4 
N@c4 18. Qe2 B@d2+ 19. Kf1 Bdxe3 20. P@e7 Nd2+ 21. Kg1 Bxf2+ 22. Kxf2 e3+ 
23. Ke1 P@f2+ 24. Kd1 B@g4 25. exf8=Q+ Rxf8 26. N@f3 Bxf3 27. gxf3 P@g2 28. N@e7+ 
Kh8 29. R@f1 gxh1=Q 30. B@e5 R@e1+ 31. Rxe1 fxe1=Q# 
{pminear forfeits on time} 0-1

[Event "fics rated crazyhouse match"]
[Site "fics, Oklahoma City, OK USA"]
[Date "2000.02.24"]
[White "Tecumseh"]
[WhiteElo "2276"]
[Black "pminear"]
[BlackElo "2377"]
[TimeControl "60+0"]
[Result "1-0"]

1. c4 Nf6 2. Nc3 d5 3. d4 dxc4 4. e4 Nc6 5. Bxc4 Nxd4 6. Nf3 
Nxf3+ 7. Qxf3 N@c2+ 8. Kf1 Nxa1 9. Bxf7+ Kxf7 10. N@g5+ Ke8 11. P@f7+ Kd7 
12. Qf5+ Kd6 13. Nb5+ Kc6 14. Nd4+ Kd6 15. P@c5# 
{pminear checkmated} 1-0

[Event "fics rated crazyhouse match"]
[Site "fics, Oklahoma City, OK USA"]
[Date "2000.02.24"]
[White "pminear"]
[WhiteElo "2367"]
[Black "Tecumseh"]
[BlackElo "2286"]
[TimeControl "60+0"]
[Result "0-1"]

1. e4 Nc6 2. Nc3 Nf6 3. d4 d5 4. exd5 Nxd5 5. Nf3 Bg4 6. Be2 
e6 7. O-O P@h3 8. gxh3 Bxh3 9. Re1 P@g4 10. Ng5 h5 11. Nxh3 gxh3 
12. Bxh5 Rxh5 13. Qxh5 N@f4 14. Qg4 B@f5 15. Qg3 Nh5 16. Qf3 Nxd4 17. Qxh5 
P@g6 18. Qd1 Nxc3 19. N@e5 Nde2+ 20. Kh1 Qxd1 21. B@b5+ N@c6 22. Bxc6+ bxc6 
{pminear forfeits on time} 0-1

[Event "fics rated crazyhouse match"]
[Site "fics, Oklahoma City, OK USA"]
[Date "2001.02.24"]
[White "pminear"]
[WhiteElo "2568"]
[Black "Blackcomb"]
[BlackElo "2202"]
[TimeControl "180+0"]
[Result "0-1"]

1. e4 e5 2. Nc3 Nf6 3. Bc4 Bc5 4. Nf3 Nc6 5. d3 O-O 6. O-O 
d6 7. Bg5 Be6 8. Nd5 Nxd5 9. Bxd8 Nf4 10. Bg5 N@g4 11. Bxf4 exf4 
12. Bxe6 fxe6 13. B@h5 Nxf2 14. Rxf2 Bxf2+ 15. Kxf2 B@e3+ 16. Kf1 R@h1+ 17. N@g1 
P@f2 18. B@f7+ Kh8 19. N@h3 fxg1=Q+ 20. Nfxg1 Bxg1 21. Nxg1 N@e3+ 22. Ke2 Nd4+ 
23. Kd2 Nxd1 24. P@f2 Nxf2 25. B@h6 B@e3+ 26. Kc3 P@b4+ 27. Kxb4 a5+ 28. Ka4 
Q@b4# 
{pminear checkmated} 0-1

[Event "fics rated crazyhouse match"]
[Site "fics, Oklahoma City, OK USA"]
[Date "2001.02.24"]
[White "Blackcomb"]
[WhiteElo "2216"]
[Black "pminear"]
[BlackElo "2554"]
[TimeControl "180+0"]
[Result "0-1"]

1. e4 e5 2. Nf3 Nc6 3. Bc4 Be7 4. Nc3 Nf6 5. d3 O-O 6. O-O 
d6 7. Be3 Bg4 8. h3 Bxf3 9. Qxf3 N@d4 10. Bxd4 Nxd4 11. Qg3 B@b4 
12. N@f5 Nxf5 13. exf5 Bxc3 14. N@h6+ Kh8 15. Nxf7+ Rxf7 16. Bxf7 N@e2+ 17. Kh2 
Nxg3 18. fxg3 N@g4# 
{Blackcomb resigns} 0-1

[Event "fics rated crazyhouse match"]
[Site "fics, Oklahoma City, OK USA"]
[Date "2001.02.24"]
[White "pminear"]
[WhiteElo "2556"]
[Black "Blackcomb"]
[BlackElo "2214"]
[TimeControl "180+0"]
[Result "1-0"]

1. e4 e5 2. Nf3 Nc6 3. Bc4 Nf6 4. Ng5 Qe7 5. Nxf7 Qxf7 6. Bxf7+ 
Kxf7 7. Nc3 Bc5 8. O-O Rf8 9. Nd5 Nxe4 10. Qf3+ N@f6 11. Nxf6 Nxf6 
12. N@g5+ Ke7 13. P@h6 Nd4 14. Qh3 N@f4 15. Qe3 Nde2+ 16. Kh1 Bxe3 17. hxg7 
Q@g6 18. gxf8=Q+ Kxf8 19. dxe3 P@h3 20. Q@d8+ B@e8 21. B@e7+ Kg7 22. Bxf6+ Kh6 
23. R@h4+ P@h5 24. N@g4# 
{Blackcomb checkmated} 1-0

[Event "fics rated crazyhouse match"]
[Site "fics, Oklahoma City, OK USA"]
[Date "2001.02.24"]
[White "Blackcomb"]
[WhiteElo "2212"]
[Black "pminear"]
[BlackElo "2558"]
[TimeControl "180+0"]
[Result "0-1"]

1. e4 e5 2. Nf3 Nc6 3. Bc4 Be7 4. Nc3 Nf6 5. d4 exd4 6. Nxd4 
Nxd4 7. Qxd4 d6 8. Bxf7+ Kxf7 9. P@e6+ Kxe6 10. Qc4+ Kd7 11. N@e6 Qg8 
12. Qxc7+ Kxe6 13. Qc4+ Kd7 14. Qxg8 Rxg8 15. P@e6+ Kxe6 16. Q@c4+ Kd7 17. P@g5 
N@e5 18. Qd4 N@f3+ 19. gxf3 Nxf3+ 20. Kd1 Nxd4 21. gxf6 Q@f3+ 22. N@e2 Qxh1# 
{Blackcomb resigns} 0-1

[Event "fics rated crazyhouse match"]
[Site "fics, Oklahoma City, OK USA"]
[Date "2001.02.24"]
[White "pminear"]
[WhiteElo "2560"]
[Black "Blackcomb"]
[BlackElo "2210"]
[TimeControl "180+0"]
[Result "1-0"]

1. e4 e5 2. Nf3 Nc6 3. Bc4 Bc5 4. Nc3 Nf6 5. d3 O-O 6. O-O 
d6 7. Bg5 Be6 8. Nd5 Nxd5 9. exd5 Bxd5 10. Bxd5 P@f6 11. Bxf6 Qxf6 
12. B@g5 Qg6 13. Bxc6 bxc6 14. N@e7+ Kh8 15. Nxg6+ fxg6 16. P@h6 N@f5 17. hxg7+ 
Nxg7 18. P@f6 Nf5 19. Nxe5 N@e8 20. N@f7+ Rxf7 21. Nxf7+ Kg8 22. Q@e6 
{Blackcomb resigns} 1-0

[Event "fics rated crazyhouse match"]
[Site "fics, Oklahoma City, OK USA"]
[Date "2001.02.24"]
[White "Blackcomb"]
[WhiteElo "2208"]
[Black "pminear"]
[BlackElo "2562"]
[TimeControl "180+0"]
[Result "0-1"]

1. e4 e5 2. Nf3 Nc6 3. Bc4 Be7 4. Nc3 d6 5. d4 exd4 6. Nxd4 
Nxd4 7. Qxd4 Bf6 8. Qd1 N@e5 9. Be2 P@h3 10. gxh3 Bxh3 11. N@f4 Bd7 
12. Rg1 Bg5 13. Ncd5 Bxf4 14. Bxf4 Nf6 15. Rxg7 Nxd5 16. exd5 P@f3 17. Bxe5 
fxe2 18. Qxe2 dxe5 19. Qxe5+ B@e6 20. N@f6+ Kf8 21. B@h6 N@f3+ 22. Kd1 Nxe5 
23. Rg8+ Ke7 24. d6+ Kxd6 25. N@e4+ Kc6 26. P@b5+ Kb6 27. P@c5+ Ka5 28. Bd2+ 
P@b4 29. Bxb4+ Kxb4 30. c3+ Kxb5 31. a4+ Kc4 32. P@b3+ Kxb3 33. Nd2+ Kxb2 
34. Rb1+ Ka2 
{Blackcomb forfeits on time} 0-1

[Event "fics rated crazyhouse match"]
[Site "fics, Oklahoma City, OK USA"]
[Date "2001.02.24"]
[White "pminear"]
[WhiteElo "2564"]
[Black "Blackcomb"]
[BlackElo "2206"]
[TimeControl "180+0"]
[Result "1-0"]

1. e4 e5 2. Nf3 Nc6 3. Bc4 Bc5 4. O-O Nf6 5. d3 O-O 6. Nc3 
d6 7. Bg5 Bg4 8. Nd5 Nxd5 9. Bxd8 Nf4 10. Bxf7+ Kh8 11. P@f6 Rxf7 
12. fxg7+ Rxg7 13. Bf6 N@e2+ 14. Kh1 Bxf3 15. Bxg7+ Kxg7 16. R@g5+ B@g6 17. Qxe2 
Bxe2 18. P@h6+ Kf7 19. Q@g7+ Ke8 20. N@f6# 
{Blackcomb resigns} 1-0

[Event "fics rated crazyhouse match"]
[Site "fics, Oklahoma City, OK USA"]
[Date "2001.02.24"]
[White "Blackcomb"]
[WhiteElo "2204"]
[Black "pminear"]
[BlackElo "2566"]
[TimeControl "180+0"]
[Result "0-1"]

1. e4 e5 2. Nf3 Nc6 3. Bc4 Be7 4. Nc3 d6 5. d4 exd4 6. Nxd4 
Nxd4 7. Qxd4 Bf6 8. Qd1 N@e5 9. Be2 c6 10. O-O P@h3 11. gxh3 Bxh3 
12. N@f4 Bxf1 13. Qxf1 P@f3 14. P@e6 fxe6 15. Nxe6 P@g2 16. P@f7+ Nxf7 17. Bxf3 
gxf1=Q+ 18. Kxf1 Qe7 19. B@f5 Ne5 20. B5g4 Nxf3 21. Bxf3 B@c4+ 22. P@d3 Bxe6 
23. Be3 P@g4 24. Be2 N@f3 
{Blackcomb resigns} 0-1

[Event "fics rated crazyhouse match"]
[Site "fics, Oklahoma City, OK USA"]
[Date "2001.02.24"]
[White "pminear"]
[WhiteElo "2568"]
[Black "Blackcomb"]
[BlackElo "2202"]
[TimeControl "180+0"]
[Result "1-0"]

1. e4 Nf6 2. e5 Ne4 3. Nc3 Nxc3 4. dxc3 d6 5. Nf3 Nc6 6. Bb5 
Bd7 7. exd6 exd6 8. Qe2+ Be7 9. P@h6 P@e5 10. hxg7 Rg8 11. N@d5 Rxg7 
12. P@f6 Bxf6 13. Nxf6+ Qxf6 14. Bxc6 Bxc6 15. N@h5 Qg6 16. Nh4 Qxh5 17. Qxh5 
B@g6 18. Nxg6 fxg6 19. Q@e6+ P@e7 20. Qh6 N@f5 21. Qxg7 Nxg7 22. R@g8+ N@f8 
23. B@f7+ Kd8 24. Rxf8+ N@e8 25. Qg4 P@f5 26. Qe2 Q@d7 27. Bxe8 Nxe8 28. N@f7+ 
Kc8 29. N@g5 B@d5 30. B@e6 Bxe6 31. Nxe6 Qxe6 32. Ng5 Qd7 33. B@e6 B@b5 
34. Rxe8+ N@d8 35. Bxd7+ Bxd7 36. Rxd8+ Kxd8 37. N@e6+ Bxe6 38. Nxe6+ Kd7 39. Qxb5+ 
B@c6 40. N@c5+ Ke8 41. Q@g8# 
{Blackcomb forfeits on time} 1-0

[Event "fics rated crazyhouse match"]
[Site "fics, Oklahoma City, OK USA"]
[Date "2001.02.24"]
[White "Blackcomb"]
[WhiteElo "2200"]
[Black "pminear"]
[BlackElo "2570"]
[TimeControl "180+0"]
[Result "0-1"]

1. e4 e5 2. Nf3 Nc6 3. Bc4 Be7 4. Nc3 d6 5. O-O Nf6 6. d4 
exd4 7. Nxd4 P@h3 8. Nxc6 bxc6 9. gxh3 N@e5 10. Bxf7+ Kxf7 11. N@g5+ Kf8 
12. P@g2 h6 13. Nf3 Nxf3+ 14. Qxf3 B@f7 15. N@f5 N@e5 16. Qg3 Nh5 17. Qe3 
Bxf5 18. exf5 Bg5 19. P@f4 Bxf4 20. Qxf4 Nxf4 21. Bxf4 P@f3 22. B@h1 fxg2 
23. Bxg2 P@f3 24. B@e4 fxg2 25. Bxg2 B@f3 26. N@e1 Bxg2 27. Nxg2 B@d5 28. Nxd5 
Bxd5 29. Bxe5 N@e2+ 30. Kh1 Bxg2+ 31. Kxg2 N@h4# 
{Blackcomb resigns} 0-1

[Event "fics rated crazyhouse match"]
[Site "fics, Oklahoma City, OK USA"]
[Date "2001.02.24"]
[White "pminear"]
[WhiteElo "2572"]
[Black "Blackcomb"]
[BlackElo "2198"]
[TimeControl "180+0"]
[Result "1-0"]

1. e4 Nf6 2. e5 Nd5 3. Nf3 e6 4. d4 d6 5. Be2 Nc6 6. O-O 
Be7 7. Nc3 Nxc3 8. bxc3 O-O 9. N@h5 f5 10. Nxg7 Kxg7 11. P@f6+ Kg8 
12. Bh6 Bxf6 13. Bxf8 Qxf8 14. exf6 Qxf6 15. B@g5 Qg7 16. d5 P@f6 17. dxe6 
Bxe6 18. P@h6 fxg5 19. hxg7 Kxg7 20. Nxg5 B@f7 21. Nxe6+ Bxe6 22. B@g5 N@g8 
23. P@h6+ Nxh6 24. Q@f6+ Kg8 25. R@h8# 
{Blackcomb checkmated} 1-0

[Event "fics rated crazyhouse match"]
[Site "fics, Oklahoma City, OK USA"]
[Date "2001.02.24"]
[White "Blackcomb"]
[WhiteElo "2196"]
[Black "pminear"]
[BlackElo "2574"]
[TimeControl "180+0"]
[Result "0-1"]

1. e4 e5 2. Nf3 Nc6 3. Bc4 Be7 4. Nc3 d6 5. O-O Nf6 6. d4 
exd4 7. Nxd4 Nxd4 8. Qxd4 P@h3 9. Bxf7+ Kxf7 10. P@e6+ Bxe6 11. N@g5+ Ke8 
12. Nxe6 hxg2 13. Nxd8 N@f3+ 14. Kxg2 Nxd4 15. P@f7+ Kxd8 16. Q@g3 B@f3+ 17. Qxf3 
Nxf3 
{Blackcomb resigns} 0-1

[Event "fics rated crazyhouse match"]
[Site "fics, Oklahoma City, OK USA"]
[Date "2001.02.24"]
[White "pminear"]
[WhiteElo "2576"]
[Black "Blackcomb"]
[BlackElo "2194"]
[TimeControl "180+0"]
[Result "1-0"]

1. e4 e5 2. Nf3 Nc6 3. Bc4 Nf6 4. Ng5 Qe7 5. Bxf7+ Qxf7 6. Nxf7 
Kxf7 7. Nc3 Bc5 8. O-O B@d4 9. P@e3 Bxc3 10. dxc3 Nxe4 11. B@d5+ P@e6 
12. Bxe4 Be7 13. f4 exf4 14. Rxf4+ P@f5 15. Bxc6 N@e5 16. Qh5+ N@g6 17. Bf3 
d6 18. P@h6 gxh6 19. Qxh6 P@g7 20. Qh5 Bf6 21. Bd2 Ke7 22. Re1 Nxf4 
23. exf4 Nxf3+ 24. gxf3 B@g6 25. N@d5+ Kf7 26. Nxf6 Bxh5 27. N@g5+ Kxf6 28. N@d5+ 
Kg6 29. Ne7+ Kh6 30. N@f7+ Bxf7 31. Nxf7+ Kh5 32. Q@g5# 
{Blackcomb checkmated} 1-0

[Event "fics rated crazyhouse match"]
[Site "fics, Oklahoma City, OK USA"]
[Date "2001.02.24"]
[White "Blackcomb"]
[WhiteElo "2192"]
[Black "pminear"]
[BlackElo "2578"]
[TimeControl "180+0"]
[Result "0-1"]

1. e4 e5 2. Nf3 Nc6 3. Nc3 Nf6 4. Bc4 Be7 5. O-O d6 6. d4 
exd4 7. Nxd4 Nxd4 8. Qxd4 P@h3 9. Bxf7+ Kxf7 10. P@e6+ Bxe6 11. N@g5+ Ke8 
12. gxh3 Bxh3 13. P@f7+ Kf8 14. Qxf6 Bxf6 15. N@e6+ Bxe6 16. Nxe6+ Ke7 17. B@h3 
Qb8 18. Nd5+ Kxf7 19. Nexc7 P@f3 20. P@g2 P@e2 21. Bf4 exf1=Q+ 22. Rxf1 P@e2 
23. Be6+ Kf8 24. Bxd6+ B@e7 25. gxf3 R@h1+ 26. Kxh1 exf1=Q# 
{Blackcomb resigns} 0-1

[Event "fics rated crazyhouse match"]
[Site "fics, Oklahoma City, OK USA"]
[Date "2001.02.24"]
[White "pminear"]
[WhiteElo "2580"]
[Black "Blackcomb"]
[BlackElo "2190"]
[TimeControl "180+0"]
[Result "1-0"]

1. e4 d6 2. d4 Nf6 3. Nc3 Nc6 4. Nf3 Bg4 5. d5 Ne5 6. Nxe5 
Bxd1 7. Bb5+ c6 8. dxc6 bxc6 9. Bxc6+ P@d7 10. P@e6 dxe5 11. exf7+ Kxf7 
12. N@g5+ Kg6 13. P@f5+ Kh5 14. Bxa8 Bxc2 15. O-O N@f4 16. Bxf4 exf4 17. Nf7 
P@h3 18. R@g5+ Kh4 19. N@f3# 
{Blackcomb checkmated} 1-0

[Event "fics rated crazyhouse match"]
[Site "fics, Oklahoma City, OK USA"]
[Date "2001.02.24"]
[White "Blackcomb"]
[WhiteElo "2188"]
[Black "pminear"]
[BlackElo "2582"]
[TimeControl "180+0"]
[Result "0-1"]

1. e4 e5 2. Nf3 Nc6 3. Bc4 Be7 4. Nc3 d6 5. d4 exd4 6. Nxd4 
Nxd4 7. Qxd4 Bf6 8. Qd1 N@e5 9. Bb5+ c6 10. Be2 Ng6 11. P@f5 Nh4 
12. Rg1 P@g6 13. fxg6 hxg6 14. P@c7 Qxc7 15. N@b5 Bxc3+ 16. Nxc3 N@e5 17. B@g3 
P@d4 18. Bxe5 dxe5 19. Bg5 B@e7 20. Bxe7 Nxe7 21. B@g5 P@f6 22. Bxh4 Rxh4 
23. N@f3 Rh8 24. Nxd4 exd4 25. Qxd4 B@e5 26. Qd1 B@d4 27. N@b5 cxb5 28. Nxb5 
Qd7 29. P@d6 Bxh2 30. Nc7+ Kf8 31. dxe7+ Qxe7 32. Qxd4 P@d2+ 33. Qxd2 Bxg1 
34. B@d6 Bxf2+ 35. Kxf2 P@e3+ 36. Qxe3 Qxd6 37. N@b5 B@g3+ 38. Kf1 Rh1+ 39. B@g1 
N@h2# 
{Blackcomb checkmated} 0-1

[Event "fics rated crazyhouse match"]
[Site "fics, Oklahoma City, OK USA"]
[Date "2001.02.24"]
[White "pminear"]
[WhiteElo "2584"]
[Black "Blackcomb"]
[BlackElo "2186"]
[TimeControl "180+0"]
[Result "1-0"]

1. e4 e6 2. Nc3 Nc6 3. d4 Nf6 4. e5 Nd5 5. Nxd5 exd5 6. Nf3 
d6 7. Bb5 a6 8. Bxc6+ bxc6 9. Qe2 B@e4 10. N@g5 Bcf5 11. Nxf7 Kxf7 
12. N@g5+ Ke7 13. P@f6+ gxf6 14. exf6+ Kxf6 15. Nxe4+ dxe4 16. B@g5+ Kf7 17. Bxd8 
P@e7 18. Ng5# 
{Blackcomb resigns} 1-0

[Event "fics rated crazyhouse match"]
[Site "fics, Oklahoma City, OK USA"]
[Date "2001.02.24"]
[White "Blackcomb"]
[WhiteElo "2184"]
[Black "pminear"]
[BlackElo "2585"]
[TimeControl "180+0"]
[Result "1-0"]

1. e4 e5 2. Nf3 Nc6 3. Nc3 Be7 4. Bc4 d6 5. d4 exd4 6. Nxd4 
Nxd4 7. Qxd4 Bf6 8. Qd1 N@e5 9. Be2 Ng6 10. Nd5 Nh4 11. Rg1 P@h3 
12. gxh3 Bxh3 13. N@f4 Be6 14. Nxe6 fxe6 15. Nf4 Qe7 16. B@b3 N@d4 17. Nxe6 
Nxe6 18. Bxe6 Qxe6 19. P@f3 N@g2+ 20. Kf1 B@h3 21. P@f5 Ne3+ 22. Ke1 Nhg2+ 
23. Rxg2 Nxg2+ 24. Kf1 R@h1+ 25. N@g1 Ne3+ 26. Ke1 Rxg1+ 27. N@f1 N@g2+ 28. Kd2 
P@c3+ 29. bxc3 Bxc3+ 30. Kxc3 Nxd1+ 31. Bxd1 Qe5+ 32. P@d4 Qxd4+ 33. Kxd4 Q@c5+ 
34. Kd3 P@c4+ 35. Kc3 P@b4+ 36. Kb2 c3+ 37. Kb1 Nh6 38. B@h5+ Kd8 39. N@e6+ 
Kc8 40. Nxc5 Rxf1 41. P@d7+ Kd8 42. Q@e8+ Rxe8 43. dxe8=Q# 
{pminear checkmated} 1-0

[Event "fics rated crazyhouse match"]
[Site "fics, Oklahoma City, OK USA"]
[Date "2001.02.24"]
[White "pminear"]
[WhiteElo "2570"]
[Black "Blackcomb"]
[BlackElo "2199"]
[TimeControl "180+0"]
[Result "1-0"]

1. e4 e5 2. Nf3 Nc6 3. Bc4 Be7 4. O-O d6 5. h3 Nf6 6. Nc3 
O-O 7. d3 Nd4 8. Nxd4 exd4 9. Ne2 c5 10. Nf4 N@e5 11. Bd5 Bd7 
12. Bxb7 Rb8 13. Bd5 Bc6 14. Bxc6 Nxc6 15. N@f5 B@g6 16. P@h6 Bxf5 17. hxg7 
Re8 18. exf5 N@h6 19. B@e4 Ne5 20. P@g5 Nxe4 21. dxe4 Bxg5 22. Nh5 Bxc1 
23. N@f6# 
{Blackcomb resigns} 1-0

[Event "fics rated crazyhouse match"]
[Site "fics, Oklahoma City, OK USA"]
[Date "2001.02.24"]
[White "Blackcomb"]
[WhiteElo "2197"]
[Black "pminear"]
[BlackElo "2572"]
[TimeControl "180+0"]
[Result "0-1"]

1. e4 e5 2. Nf3 Nc6 3. Bc4 Be7 4. Nc3 d6 5. O-O Nf6 6. h3 
O-O 7. d3 Na5 8. Be3 Nxc4 9. dxc4 B@h5 10. N@g3 Bxf3 11. Qxf3 N@h4 
12. Qe2 Bxh3 13. gxh3 P@d4 14. Bg5 dxc3 15. Bxh4 cxb2 16. Rae1 N@f4 17. Qf3 
Nxh3+ 18. Kh2 P@g4 19. Qg2 P@f3 20. Qh1 Nxe4 21. Bxe7 P@g2 22. Qg1 Nxg1 
{Blackcomb resigns} 0-1

[Event "fics rated crazyhouse match"]
[Site "fics, Oklahoma City, OK USA"]
[Date "2001.02.24"]
[White "pminear"]
[WhiteElo "2574"]
[Black "Blackcomb"]
[BlackElo "2195"]
[TimeControl "180+0"]
[Result "1-0"]

1. e4 e5 2. Nf3 Nc6 3. Bc4 Be7 4. Bxf7+ Kxf7 5. P@d5 d6 6. dxc6 
bxc6 7. d4 exd4 8. Nxd4 B@g4 9. f3 Bgd7 10. O-O Bf6 11. Be3 P@f4 
12. P@e6+ Bxe6 13. Nxc6 Qe8 14. Bxf4 Qxc6 15. P@d5 Qb6+ 16. P@e3 Bed7 17. N@c4 
Qb5 18. Qe2 Qa4 19. Nc3 Qa6 20. Nxd6+ cxd6 21. P@e6+ Bxe6 22. dxe6+ Bxe6 
23. Qxa6 P@e7 24. B@f5 P@d7 25. Bxe6+ dxe6 26. B@d7 N@c5 27. Bxe6+ Nxe6 28. P@f5 
Nc5 29. Qc4+ P@e6 30. fxe6+ Nxe6 31. P@f5 P@d7 32. fxe6+ dxe6 33. N@g5+ Bxg5 
34. Qxe6+ Kxe6 35. Q@f5# 
{Blackcomb checkmated} 1-0

[Event "fics rated crazyhouse match"]
[Site "fics, Oklahoma City, OK USA"]
[Date "2001.02.24"]
[White "Blackcomb"]
[WhiteElo "2193"]
[Black "pminear"]
[BlackElo "2576"]
[TimeControl "180+0"]
[Result "0-1"]

1. e4 e5 2. Nf3 Nc6 3. Bc4 d6 4. Nc3 Be7 5. d3 Nf6 6. h3 
O-O 7. O-O Na5 8. Bg5 Nxc4 9. dxc4 B@h5 10. Bxf6 Bxf6 11. Nd5 B@h6 
12. N@g3 Bxf3 13. Qxf3 N@g5 14. Nxf6+ gxf6 15. Qh5 Bg7 16. N@f5 N@f4 17. Qh4 
Bxf5 18. Nxf5 N@f3+ 19. gxf3 Nxf3+ 20. Kh1 P@g2# 
{Blackcomb checkmated} 0-1

[Event "fics rated crazyhouse match"]
[Site "fics, Oklahoma City, OK USA"]
[Date "2001.02.24"]
[White "pminear"]
[WhiteElo "2578"]
[Black "Blackcomb"]
[BlackElo "2191"]
[TimeControl "180+0"]
[Result "1-0"]

1. e4 e5 2. Nf3 Nc6 3. Bc4 d6 4. d3 Be7 5. Nc3 Nf6 6. Nd5 
O-O 7. Nxe7+ Qxe7 8. B@h4 Bg4 9. Bcg5 N@e8 10. h3 Bh5 11. g4 Bg6 
12. c3 Na5 13. Bb5 c6 14. Ba4 b5 15. Bc2 Nb7 16. Nh2 Nc5 17. Qf3 
Ncd7 18. Nf1 a5 19. Ne3 a4 20. a3 Rb8 21. O-O Rc8 22. b3 Ra8 
23. bxa4 bxa4 24. P@h6 gxh6 25. Bxh6 P@g7 26. Bxg7 Kxg7 27. P@g5 Ng8 28. P@f6+ 
Ngxf6 29. gxf6+ Nexf6 30. N@f5+ Bxf5 31. Nxf5+ Kh8 32. B@g7+ Kg8 33. Nxe7+ Kxg7 
34. Nf5# 
{Blackcomb resigns} 1-0

[Event "fics rated crazyhouse match"]
[Site "fics, Oklahoma City, OK USA"]
[Date "2001.02.24"]
[White "Blackcomb"]
[WhiteElo "2189"]
[Black "pminear"]
[BlackElo "2580"]
[TimeControl "180+0"]
[Result "0-1"]

1. e4 e5 2. Nf3 Nc6 3. Bc4 d6 4. Nc3 Be7 5. d3 Nf6 6. O-O 
O-O 7. Nd5 Nxd5 8. Bxd5 Bg4 9. c3 N@h4 10. N@e1 Nxf3+ 11. Nxf3 Bxf3 
12. Qxf3 N@h4 13. Qg4 N@f6 14. Bxf7+ Rxf7 15. N@h6+ Kf8 16. Qxh4 gxh6 17. Bxh6+ 
B@g7 18. N@f5 N@g6 19. Nxg7 Nxh4 20. Ne6+ Ke8 21. Nxd8 Nxd8 22. Q@h8+ Bf8 
23. B@h3 N@g6 24. P@g7 Rxg7 25. Qxg7 Bxg7 26. Bxg7 P@g4 27. Bxf6 gxh3 28. Bxh4 
Q@h1+ 29. Kxh1 hxg2+ 30. Kxg2 Nxh4+ 31. Kh3 B@g2+ 32. Kxh4 B@f6# 
{Blackcomb resigns} 0-1